 Dungeon Crawl Stone Soup version 0.25-a0-1079-g858b6a6ff6 (webtiles) character file.

Game seed: 7421107756793714697, levelgen mode: classic

63 EnegeticOcto the Skirmisher (level 3, 0/34 HPs)
             Began as a Minotaur Fighter on May 15, 2020.
             Splashed by a jelly's acid (8 damage)
             ... on level 3 of the Dungeon.
             The game lasted 00:00:42 (1600 turns).

EnegeticOcto the Skirmisher (Minotaur Fighter)      Turns: 1600, Time: 00:00:42

Health: 0/34       AC:  0    Str: 21    XL:     3   Next: 87%
Magic:  2/2        EV:  8    Int:  5    God:
Gold:   104        SH:  9    Dex:  9    Spells: 2/2 levels left

rFire    . . .     SeeInvis .   a - +0 war axe
rCold    . . .     Gourm    .   c - +0 kite shield
rNeg     . . .     Faith    .   b - +0 scale mail
rPois    .         Spirit   .   (helmet restricted)
rElec    .         Reflect  .   (no cloak)
rCorr    .         Harm     .   (no gloves)
MR       .....                  d - +0 pair of boots
Stlth    ..........             (no amulet)
HPRegen  0.11/turn              (no ring)
MPRegen  0.08/turn              (no ring)

@: corroded
A: retaliatory headbutt, horns 2
a: no special abilities


You were on level 3 of the Dungeon.
You were very hungry.

You visited 1 branch of the dungeon, and saw 3 of its levels.

You collected 104 gold pieces.

Inventory:

Hand Weapons
 a - a +0 war axe (weapon)
Armour
 b - a +0 scale mail (worn)
 c - a +0 kite shield (worn)
 d - a +0 pair of boots (worn)
Wands
 m - a wand of paralysis (9)
Scrolls
 g - a scroll of identify {unknown}
 i - 3 scrolls of remove curse {unknown}
Potions
 f - 2 potions of cancellation {unknown}
 h - a potion of lignification {unknown}
 j - a potion of heal wounds {unknown}
 k - a potion of might {@q3}
 l - a potion of berserk rage {unknown}
Comestibles
 e - 5 rations


   Skills:
 * Level 4.4 Fighting
 * Level 3.5 Axes
 + Level 4.0 Armour
 + Level 1.0 Dodging
 + Level 3.9 Shields


You had 2 spell levels left.
You didn't know any spells.
Your spell library was empty.

Dungeon Overview and Level Annotations

Branches:
Dungeon (3/15)

Altars:


Innate Abilities, Weirdness & Mutations

You reflexively headbutt those who attack you in melee.
You have a pair of horns on your head.


Message History

You see here 17 stones.
There is an open door here.
You open the door.
There is an open door here.
Found 26 stones.
No target in view!
There is an open door here.
There is an open door here.
You are feeling hungry.
There is a stone staircase leading up here.
You see here a cursed -1 club.
You see here a dagger.
You now have 89 gold pieces (gained 8).
Done exploring.
Done exploring.
No target in view!
No target in view!
No target in view!
No target in view!
No target in view!
No target in view!
No target in view!
Done exploring.
Done exploring.
Done exploring.
Done exploring.
Done exploring.
No target in view!
No target in view!
No target in view!
(D) Dungeon
Where to? (Enter - D:2 @ (x,y), ? - help)
You see here a dagger.
You see here a cursed -1 club.
There is a stone staircase leading down here.
You climb downwards.
There is a stone staircase leading up here.
Found a stone staircase leading down.
You now have 95 gold pieces (gained 6).
A rat comes into view.
A rat is nearby!
A rat is nearby!
A rat is nearby!
You slash the rat!
You kill the rat!
No target in view!
No target in view!
No target in view!
No target in view!
No target in view!
You now have 104 gold pieces (gained 9).
You open the door.
There is an open door here.
You open the door.
There is an open door here.
You open the door.
There is an open door here.
You are feeling very hungry.
Found an escape hatch in the ceiling.
Found a stone staircase leading up.
No target in view!
e - 5 rations (gained 1)
You open the door.
There is an open door here.
Found a broad axe.
No target in view!
No target in view!
No target in view!
No target in view!
No target in view!
No target in view!
No target in view!
No target in view!
No target in view!
No target in view!
m - a wand of paralysis (9)
A jelly comes into view.
The jelly moves out of view.
As you open the door, it creaks loudly!
You hear a slurping noise.
The jelly eats the door!
Found a viscous puce potion.
A jelly is nearby!
The jelly jiggles.
You slash the jelly! The acid corrodes you!
Your hands burn!
The jelly is moderately wounded.
You block the jelly's attack.
You slash the jelly!
Your hands burn!
The jelly is severely wounded.
The jelly hits you. The acid corrodes you!
You are splashed with acid!
The jelly hits you.
You are splashed with acid.
* * * LOW HITPOINT WARNING * * *
You are too injured to fight recklessly!
You are too injured to fight recklessly!
You are too injured to fight recklessly!
You are too injured to fight recklessly!
You are too injured to fight recklessly!
The jelly hits you.
* * * LOW HITPOINT WARNING * * *
You are splashed with acid!
You die...

####.######<####.#.#####
# ##....###. #.#..# #
#.....#...####.##.#
###.......#....#.##.#
#....P.P..+.........#
#..###+####....#'####
#..# #.......# '..#
#.......# #..# +...@J..#
#..## #.......# #...#
#.......'.!.... #...#
#.......#####.. #...#
#.......# #...#
#.....)..# #...#
#........# #...#
#.######## ##### #.


You could see a jelly.

Vanquished Creatures
  A bullfrog skeleton (D:2)
  A dart slug (D:1)
  3 leopard geckos (D:1)
  A ball python (D:2)
  2 goblins (D:1)
  5 hobgoblins
  A quokka (D:2)
  2 bats (D:1)
  3 frilled lizards
  3 kobolds
  7 rats
29 creatures vanquished.

Notes
Turn   | Place    | Note
-------+----------+-------------------------------------------
     0 | D:1      | EnegeticOcto the Minotaur Fighter began the quest for the
                  | Orb.
     0 | D:1      | Reached XP level 1. HP: 19/19 MP: 0/0
   165 | D:1      | Reached XP level 2. HP: 25/27 MP: 1/1
   851 | D:2      | Reached skill level 1 in Dodging
   851 | D:2      | Reached XP level 3. HP: 34/34 MP: 2/2
  1600 | D:3      | Splashed by a jelly's acid

Illustrated notes

Levels and vault maps discovered:
D:1:      matt_arrival_grand_opening, layout_rooms
D:2:      layout_rooms, grunt_decor_clamped, minmay_domino_2
D:3:      layout_basic, chequers_ecumenical_altar_simple, cheibrodos_gnoll_hut

Skill      XL: |  1  2 |
---------------+-------+-----
Fighting       | 4 |  4.4
Axes           | 3 |  3.5
Armour         | 4 |  4.0
Dodging        | 1 |  1.0
Shields        | |  3.9

Action                   || total
-------------------------++-------
Melee: War axe           ||    76
       Headbutt          ||    12
  Eat: Chunk             ||     1
Armor: Scale mail        ||    30
Dodge: Dodged            ||    30
Block: Kite shield       ||    38

Table legend:
 A = Non-vault XP
 B = Vault XP
 C = Vault XP percentage of total XP
 D = Non-vault monster count
 E = Vault monster count
 F = Vault count percentage of total count
                 A         B        C        D         E       F
            +---------+---------+-------+---------+---------+-------
      Total |      87 |       3 |   3.3 |      27 |       2 |   6.9
            +---------+---------+-------+---------+---------+-------
        D:1 |      35 |       0 |   0.0 |      20 |       0 |   0.0
        D:2 |      51 |       3 |   5.6 |       6 |       2 |  25.0
        D:3 |       1 |       0 |   0.0 |       1 |       0 |   0.0
            +---------+---------+-------+---------+---------+-------
